Capitals vs Wild

Created - 18 décembre 2017 at 16:17

Goals
1 2 3 T
Capitals 0 2 0 2
Wild 1 0 0 1
Shots
1 2 3 T
Capitals 8 7 18 33
Wild 12 15 2 29

1st period

1. Wild , Evgeny Kuznetsov 11 (William Nylander 8) at 16:55

Penalties :
Ryan Suter (MIW) for High sticking (Minor) at 18:06

2nd period

2. Capitals , Oliver Ekman-Larsson 6 (Riley Sheahan 7) at 12:10
3. Capitals , Jake Guentzel 7 (Joakim Nordstrom 2, Darren Helm 8) at 19:34

Penalties :
Brent Burns (MIW) for Interference (Minor) at 2:37, Ondrej Palat (WAS) for Holding (Minor) at 9:10

3rd period

No Goal

Penalties :
Evgeny Kuznetsov (MIW) for Hooking (Minor) at 9:23, Martin Marincin (MIW) for Kneeing (Minor) at 12:08

Goalie Stats

Jonathan Quick (WAS), 28 saves from 29 shots - (0,966), W, 9-6-5, 60:00 minutes
Devan Dubnyk (MIW), 31 saves from 33 shots - (0,939), L, 13-13-1, 59:00 minutes

Players Stats for Capitals

Player Name              G  A  P  +/- PIM S  H  SB GA TA FO     MP     PP MP  PK MP  
------------------------------------------------------------------------------------
Anders Bjork             0  0  0   0  0   0  1  1  1  0  0/0     9:06   0:01   0:00 
Anton Stralman           0  0  0   0  0   1  1  4  0  0  0/0    23:14   5:10   0:00 
Ben Chiarot              0  0  0   0  0   2  4  1  0  1  0/0    19:32   2:15   0:43 
Brady Skjei              0  0  0   1  0   0  1  1  0  0  0/0    17:12   0:29   1:16 
Brendan Smith            0  0  0   1  0   0  2  1  0  0  0/0    17:14   0:31   1:16 
Brock Nelson             0  0  0  -1  0   3  1  0  1  0  1/2    15:40   3:42   0:00 
Claude Giroux            0  0  0   0  0   8  1  0  2  0  12/24  19:30   3:47   0:00 
Darren Helm              0  1  1   1  0   4  1  0  0  0  7/11   14:18   0:11   1:37 
Jake Guentzel            1  0  1   1  0   2  1  1  0  0  0/0    12:28   0:00   0:00 
Joakim Nordstrom         0  1  1   2  0   0  0  0  0  1  0/0    13:51   0:00   0:22 
Josh Bailey              0  0  0  -1  0   3  0  1  0  0  0/1    16:17   4:01   0:00 
Nick Shore               0  0  0   0  0   1  0  0  0  0  0/0    12:35   2:05   1:37 
Oliver Ekman-Larsson     1  0  1   0  0   3  2  2  1  3  0/0    23:14   5:10   0:00 
Ondrej Palat             0  0  0   1  2   2  2  0  1  0  0/3    20:33   4:00   0:00 
Riley Sheahan            0  1  1   1  0   0  0  0  0  0  3/5    10:26   0:00   0:22 
Tobias Rieder            0  0  0   0  0   0  2  1  0  0  0/0    17:33   2:16   0:00 
Valtteri Filppula        0  0  0  -1  0   3  1  1  0  0  9/16   15:43   3:45   0:00 
Zach Bogosian            0  0  0   0  0   1  0  3  0  0  0/0    19:34   2:17   0:43 

Players Stats for Wild

Player Name              G  A  P  +/- PIM S  H  SB GA TA FO     MP     PP MP  PK MP  
------------------------------------------------------------------------------------
Adam Lowry               0  0  0  -1  0   0  1  1  0  1  8/11   15:48   0:43   4:27 
Adrian Kempe             0  0  0   1  0   1  1  0  1  0  1/1    14:24   0:43   0:00 
Brent Burns              0  0  0   0  2   3  0  1  1  0  0/1    22:51   1:23   1:42 
Chris Tierney            0  0  0  -1  0   1  1  0  0  0  1/2    11:01   0:00   3:11 
Christian Dvorak         0  0  0  -1  0   1  0  2  0  0  1/1     8:38   0:00   1:44 
Daniel Sedin             0  0  0  -1  0   1  1  0  0  0  0/0    12:15   0:00   1:45 
Evgeny Kuznetsov         1  0  1   1  2   6  1  0  0  0  8/21   16:36   1:16   0:00 
Jack Eichel              0  0  0   0  0   2  2  0  1  0  10/22  19:24   1:16   0:18 
Joel Ward                0  0  0  -1  0   1  3  0  0  1  0/0    15:27   0:00   4:27 
John Moore               0  0  0   0  0   1  0  0  0  0  0/0    13:01   0:36   0:00 
Jonas Brodin             0  0  0  -2  0   0  1  5  0  2  0/0    21:14   0:00   4:38 
Kris Letang              0  0  0   1  0   2  1  1  2  0  0/0    20:31   1:23   0:00 
Marcus Johansson         0  0  0   0  0   3  0  0  0  0  1/3    19:06   1:16   0:00 
Martin Marincin          0  0  0   0  2   1  1  0  0  2  0/0    18:38   0:00   3:41 
Nikita Zadorov           0  0  0   1  0   2  2  0  0  0  0/0    23:29   0:00   3:18 
Ryan Hartman             0  0  0  -1  0   1  3  0  0  0  0/0     7:13   0:00   0:00 
Ryan Suter               0  0  0  -2  2   0  2  1  0  0  0/0    17:58   0:36   2:33 
William Nylander         0  1  1   1  0   3  1  2  0  0  0/0    14:26   0:43   0:00 

3 Stars

1 - Jonathan Quick (WAS)
2 - Jake Guentzel (WAS)
3 - Oliver Ekman-Larsson (WAS)

Power Play

Capitals - 0 on 4 Attempt(s) - 0,00%
Wild - 0 on 1 Attempt(s) - 0,00%

Penalty Kill

Capitals - 1 on 1 Attempt(s) - 100,00% - Score 0 goal in Penalty Kill
Wild - 4 on 4 Attempt(s) - 100,00% - Score 0 goal in Penalty Kill

Team Stat

Capitals - Hits : 20 - Faceoff Wins : 32 - Blocked Shots : 17 - Penalty Minutes : 2
Wild - Hits : 21 - Faceoff Wins : 30 - Blocked Shots : 13 - Penalty Minutes : 8

Official

Referees : Steve Kozari and Kyle Rehman
Linesman : Derek Amell and Pierre Racicot

Game Notes

No Game Note

Finance

Level 1 -- Attendance: 4246 (70,77%) -- Ticket Income 424 600 $
Level 2 -- Attendance: 5000 (100,00%) -- Ticket Income 300 000 $
Level 3 -- Attendance: 1897 (94,85%) -- Ticket Income 66 395 $
Level 4 -- Attendance: 4000 (100,00%) -- Ticket Income 80 000 $
Luxury Box -- Attendance: 755 (75,50%) -- Ticket Income 151 000 $
Game was played at the Xcel Enery Center.
Total Attendance: 15898 (88,32%)
Total Ticket Income: 1 021 995 $
Other Income: 500 778 $
Total Income: 1 522 773 $

Capitals

5 vs 5 Forward 
   Center                   Left Wing                Right Wing               Time % Phy DF OF 
 1 Claude Giroux            Ondrej Palat             Tobias Rieder            30     0   2  3  
 2 Valtteri Filppula        Brock Nelson             Josh Bailey              30     0   1  4  
 3 Darren Helm              Jake Guentzel            Joakim Nordstrom         25     0   2  3  
 4 Riley Sheahan            Anders Bjork             Nick Shore               15     1   3  1  

5 vs 5 Defense 
   Defense                  Defense                                           Time % Phy DF OF 
 1 Oliver Ekman-Larsson     Anton Stralman                                    33     0   3  2  
 2 Zach Bogosian            Ben Chiarot                                       30     0   3  2  
 3 Brendan Smith            Brady Skjei                                       27     0   3  2  
 4 Oliver Ekman-Larsson     Anton Stralman                                    10     0   4  1  

PowerPlay Forward 
   Center                   Left Wing                Right Wing               Time % Phy DF OF 
 1 Claude Giroux            Ondrej Palat             Josh Bailey              60     0   0  5  
 2 Valtteri Filppula        Brock Nelson             Tobias Rieder            40     0   0  5  

PowerPlay Defense
   Defense                  Defense                                           Time % Phy DF OF 
 1 Oliver Ekman-Larsson     Anton Stralman                                    60     0   1  4  
 2 Zach Bogosian            Ben Chiarot                                       40     0   1  4  

Penalty Kill 4 Players Forward 
   Center                   Wing                     Time % Phy DF OF 
 1 Darren Helm              Nick Shore               60     1   4  0  
 2 Riley Sheahan            Joakim Nordstrom         40     1   4  0  

Penalty Kill 4 Players Defense
   Defense                  Defense                  Time % Phy DF OF 
 1 Brady Skjei              Brendan Smith            60     1   4  0  
 2 Zach Bogosian            Ben Chiarot              40     1   4  0  

Penalty Kill - 3 Players Forward 
   Forward                                           Time % Phy DF OF 
 1 Darren Helm                                       60     0   5  0  
 2 Riley Sheahan                                     40     0   5  0  

Penalty Kill - 3 Players Defense
   Defense                  Defense                  Time % Phy DF OF 
 1 Brady Skjei              Brendan Smith            60     1   4  0  
 2 Zach Bogosian            Ben Chiarot              40     1   4  0  

4 vs 4 Forward 
   Center                   Wing                     Time % Phy DF OF 
 1 Claude Giroux            Ondrej Palat             60     0   2  3  
 2 Valtteri Filppula        Brock Nelson             40     0   2  3  

4 vs 4 Defense
   Defense                  Defense                  Time % Phy DF OF 
 1 Oliver Ekman-Larsson     Anton Stralman           60     0   3  2  
 2 Zach Bogosian            Ben Chiarot              40     0   3  2  

Last Minutes Offensive
   Center                   Left Wing                Right Wing               Defense                  Defense                  
   Claude Giroux            Ondrej Palat             Josh Bailey              Oliver Ekman-Larsson     Anton Stralman           

Last Minutes Defensive
   Center                   Left Wing                Right Wing               Defense                  Defense                  
   Claude Giroux            Ondrej Palat             Josh Bailey              Oliver Ekman-Larsson     Anton Stralman           

Goaltenders
Starting : Jonathan Quick           
Backup : Antti Raanta             

Extra Forwards
Normal : Nick Shore, Darren Helm, Riley Sheahan - PP : Nick Shore, Darren Helm - PK : Riley Sheahan
Extra Defensemen
Normal : Brendan Smith, Brady Skjei, Zach Bogosian - PP : Brendan Smith - PK : Brady Skjei, Zach Bogosian
Penalty Shots
Claude Giroux, Ondrej Palat, Valtteri Filppula, Brock Nelson, Josh Bailey
Custom OT Lines Forwards
Claude Giroux, Ondrej Palat, Valtteri Filppula, Brock Nelson, Josh Bailey, Tobias Rieder, Darren Helm, Riley Sheahan, Anders Bjork, Jake Guentzel
Custom OT Lines Defensemen
Oliver Ekman-Larsson, Anton Stralman, Zach Bogosian, Ben Chiarot, Brendan Smith

Scratches
Drew Miller (Healthy), Simon Despres (Healthy), Brandon Pirri (Healthy)

Wild

5 vs 5 Forward 
   Center                   Left Wing                Right Wing               Time % Phy DF OF 
 1 Jack Eichel              Marcus Johansson         Brent Burns              38     0   1  4  
 2 Evgeny Kuznetsov         William Nylander         Adrian Kempe             32     1   0  4  
 3 Adam Lowry               Daniel Sedin             Joel Ward                20     1   3  1  
 4 Chris Tierney            Christian Dvorak         Ryan Hartman             10     0   4  1  

5 vs 5 Defense 
   Defense                  Defense                                           Time % Phy DF OF 
 1 Nikita Zadorov           Kris Letang                                       40     1   2  2  
 2 Ryan Suter               Jonas Brodin                                      35     1   2  2  
 3 John Moore               Martin Marincin                                   25     1   2  2  
 4 Martin Marincin          Brent Burns                                       0      1   2  2  

PowerPlay Forward 
   Center                   Left Wing                Right Wing               Time % Phy DF OF 
 1 Jack Eichel              Marcus Johansson         Evgeny Kuznetsov         60     1   2  2  
 2 Adam Lowry               William Nylander         Adrian Kempe             40     1   2  2  

PowerPlay Defense
   Defense                  Defense                                           Time % Phy DF OF 
 1 Brent Burns              Kris Letang                                       80     0   0  5  
 2 Ryan Suter               John Moore                                        20     0   1  4  

Penalty Kill 4 Players Forward 
   Center                   Wing                     Time % Phy DF OF 
 1 Adam Lowry               Joel Ward                60     1   2  2  
 2 Chris Tierney            Christian Dvorak         40     1   2  2  

Penalty Kill 4 Players Defense
   Defense                  Defense                  Time % Phy DF OF 
 1 Martin Marincin          Nikita Zadorov           60     0   5  0  
 2 Jonas Brodin             Ryan Suter               40     0   5  0  

Penalty Kill - 3 Players Forward 
   Forward                                           Time % Phy DF OF 
 1 Adam Lowry                                        60     0   5  0  
 2 Chris Tierney                                     40     0   5  0  

Penalty Kill - 3 Players Defense
   Defense                  Defense                  Time % Phy DF OF 
 1 Martin Marincin          Nikita Zadorov           60     0   5  0  
 2 Ryan Suter               Jonas Brodin             40     0   5  0  

4 vs 4 Forward 
   Center                   Wing                     Time % Phy DF OF 
 1 Jack Eichel              Marcus Johansson         60     1   2  2  
 2 Evgeny Kuznetsov         Daniel Sedin             40     1   2  2  

4 vs 4 Defense
   Defense                  Defense                  Time % Phy DF OF 
 1 Brent Burns              Kris Letang              60     1   2  2  
 2 Ryan Suter               John Moore               40     1   2  2  

Last Minutes Offensive
   Center                   Left Wing                Right Wing               Defense                  Defense                  
   Jack Eichel              Marcus Johansson         Evgeny Kuznetsov         Brent Burns              Kris Letang              

Last Minutes Defensive
   Center                   Left Wing                Right Wing               Defense                  Defense                  
   Chris Tierney            Adam Lowry               Joel Ward                Nikita Zadorov           Martin Marincin          

Goaltenders
Starting : Devan Dubnyk             
Backup : Anton Khudobin           

Extra Forwards
Normal : William Nylander, Joel Ward, Chris Tierney - PP : William Nylander, Joel Ward - PK : Chris Tierney
Extra Defensemen
Normal : Nikita Zadorov, Jonas Brodin, Martin Marincin - PP : Nikita Zadorov - PK : Jonas Brodin, Martin Marincin
Penalty Shots
Brent Burns, Jack Eichel, Marcus Johansson, Evgeny Kuznetsov, Daniel Sedin
Custom OT Lines Forwards
Brent Burns, Jack Eichel, Marcus Johansson, Evgeny Kuznetsov, Daniel Sedin, Adrian Kempe, Adam Lowry, William Nylander, Joel Ward, Chris Tierney
Custom OT Lines Defensemen
Brent Burns, Kris Letang, Ryan Suter, John Moore, Nikita Zadorov

Scratches
*salaire Wild* (Suspend), Lawson Crouse (Healthy), Andrej Nestrasil (Healthy), Frank Vatrano (Healthy), Scott Sabourin (Healthy)

% Time on Ice - Capitals

Lines # - Real PCT - Wanted PCT - Time Play
Normal Forward
1 - 31% - 30% - 15:35
2 - 26% - 30% - 12:59
3 - 25% - 25% - 12:28
4 - 18% - 15% - 9:03
Normal Defense
1 - 32% - 33% - 15:49
2 - 33% - 30% - 16:34
3 - 30% - 27% - 14:53
4 - 6% - 10% - 2:49
PP Forward
1 - 51% - 60% - 4:01
2 - 49% - 40% - 3:55
PP Defense
1 - 71% - 60% - 5:39
2 - 29% - 40% - 2:17
PK Forward
1 - 82% - 60% - 1:37
2 - 18% - 40% - 0:22
PK Defense
1 - 64% - 60% - 1:16
2 - 36% - 40% - 0:43
PK3 Forward
1 - 0% - 60%
2 - 0% - 40%
PK3 Defense
1 - 0% - 60%
2 - 0% - 40%
44 Forward
1 - 0% - 60%
2 - 0% - 40%
44 Defense
1 - 0% - 60%
2 - 0% - 40%
Last Minute Offensive  - 0:00
Last Minute Defensive  - 0:00
Total
Forward - 60:00
Defense - 60:00

% Time on Ice - Wild

Lines # - Real PCT - Wanted PCT - Time Play
Normal Forward
1 - 37% - 38% - 18:13
2 - 29% - 32% - 14:18
3 - 19% - 20% - 9:27
4 - 14% - 10% - 6:54
Normal Defense
1 - 46% - 40% - 22:32
2 - 30% - 35% - 14:34
3 - 23% - 25% - 11:12
4 - 1% - 0% - 0:34
PP Forward
1 - 64% - 60% - 1:16
2 - 36% - 40% - 0:43
PP Defense
1 - 70% - 80% - 1:23
2 - 30% - 20% - 0:36
PK Forward
1 - 78% - 60% - 6:12
2 - 22% - 40% - 1:44
PK Defense
1 - 57% - 60% - 4:32
2 - 43% - 40% - 3:24
PK3 Forward
1 - 0% - 60%
2 - 0% - 40%
PK3 Defense
1 - 0% - 60%
2 - 0% - 40%
44 Forward
1 - 0% - 60%
2 - 0% - 40%
44 Defense
1 - 0% - 60%
2 - 0% - 40%
Last Minute Offensive  - 1:13
Last Minute Defensive  - 0:00
Total
Forward - 60:00
Defense - 60:00

Play by Play

1st period


0:01 of 1st period - Jack Eichel wins face-off versus Claude Giroux in neutral zone.
0:04 of 1st period - Tobias Rieder is hit by Nikita Zadorov.
0:16 of 1st period - Slapshot by Jack Eichel.
0:16 of 1st period - Shot Blocked by Anton Stralman.
0:36 of 1st period - Valtteri Filppula is hit by Kris Letang.
1:16 of 1st period - Wrist shot by Anders Bjork.
1:16 of 1st period - Deflect By Nick Shore.
1:16 of 1st period - Stopped by Devan Dubnyk with a rebound.
1:32 of 1st period - Snap shot by Marcus Johansson.
1:32 of 1st period - Stopped by Jonathan Quick without a rebound.
1:33 of 1st period - Jack Eichel wins face-off versus Claude Giroux in Capitals zone.
1:34 of 1st period - Snap shot by Brent Burns.
1:34 of 1st period - Stopped by Jonathan Quick without a rebound.
1:35 of 1st period - Jack Eichel wins face-off versus Valtteri Filppula in Capitals zone.
1:36 of 1st period - Snap shot by Marcus Johansson.
1:36 of 1st period - Stopped by Jonathan Quick without a rebound.
1:37 of 1st period - Valtteri Filppula wins face-off versus Evgeny Kuznetsov in Capitals zone.
1:42 of 1st period - Wrist shot by Brock Nelson.
1:42 of 1st period - Stopped by Devan Dubnyk without a rebound.
1:43 of 1st period - Valtteri Filppula wins face-off versus Evgeny Kuznetsov in Wild zone.
1:48 of 1st period - Wrist shot by Valtteri Filppula.
1:48 of 1st period - Shot Misses the Net.
3:17 of 1st period - Wrist shot by Josh Bailey.
3:17 of 1st period - Shot Misses the Net.
4:11 of 1st period - Adam Lowry is hit by Oliver Ekman-Larsson and loses puck.
4:32 of 1st period - Kris Letang is hit by Jake Guentzel and loses puck.
6:15 of 1st period - Snap shot by Evgeny Kuznetsov.
6:15 of 1st period - Shot Misses the Net.
6:33 of 1st period - Snap shot by Oliver Ekman-Larsson.
6:33 of 1st period - Shot Blocked by Jonas Brodin.
7:16 of 1st period - Slapshot by Kris Letang.
7:16 of 1st period - Deflect By Zach Bogosian.
7:16 of 1st period - Stopped by Jonathan Quick without a rebound.
7:17 of 1st period - Christian Dvorak wins face-off versus Riley Sheahan in Capitals zone.
7:20 of 1st period - Snap shot by Christian Dvorak.
7:20 of 1st period - Shot Misses the Net.
7:26 of 1st period - Christian Dvorak is hit by Anders Bjork.
7:42 of 1st period - Brent Burns is hit by Ben Chiarot and loses puck.
7:48 of 1st period - Off-side.
7:49 of 1st period - Claude Giroux wins face-off versus Evgeny Kuznetsov in neutral zone.
7:54 of 1st period - Snap shot by Ondrej Palat.
7:54 of 1st period - Shot Misses the Net.
8:38 of 1st period - Off-side.
8:39 of 1st period - Darren Helm wins face-off versus Adam Lowry in neutral zone.
8:44 of 1st period - Slapshot by Oliver Ekman-Larsson.
8:44 of 1st period - Deflect By Darren Helm.
8:44 of 1st period - Stopped by Devan Dubnyk with a rebound.
8:52 of 1st period - Joakim Nordstrom is hit by Daniel Sedin and loses puck.
9:05 of 1st period - Kris Letang is hit by Ondrej Palat and loses puck.
10:55 of 1st period - Snap shot by Darren Helm.
10:55 of 1st period - Shot Blocked by William Nylander.
11:04 of 1st period - Snap shot by Jake Guentzel.
11:04 of 1st period - Deflect By Darren Helm.
11:04 of 1st period - Stopped by Devan Dubnyk with a rebound.
11:16 of 1st period - Snap shot by Adrian Kempe.
11:16 of 1st period - Stopped by Jonathan Quick without a rebound.
11:17 of 1st period - Claude Giroux wins face-off versus Jack Eichel in Capitals zone.
11:32 of 1st period - Snap shot by Claude Giroux.
11:32 of 1st period - Deflect By Ondrej Palat.
11:32 of 1st period - Shot Misses the Net.
11:32 of 1st period - Puck is out of play.
11:33 of 1st period - Valtteri Filppula wins face-off versus Jack Eichel in Wild zone.
12:13 of 1st period - Snap shot by Oliver Ekman-Larsson.
12:13 of 1st period - Shot Misses the Net.
12:23 of 1st period - Snap shot by Claude Giroux.
12:23 of 1st period - Stopped by Devan Dubnyk without a rebound.
12:24 of 1st period - Evgeny Kuznetsov wins face-off versus Claude Giroux in Wild zone.
12:29 of 1st period - Zach Bogosian is hit by Ryan Suter and loses puck.
12:34 of 1st period - Wrist shot by William Nylander.
12:34 of 1st period - Stopped by Jonathan Quick without a rebound.
12:35 of 1st period - Valtteri Filppula wins face-off versus Jack Eichel in Capitals zone.
12:51 of 1st period - Slapshot by Brent Burns.
12:51 of 1st period - Stopped by Jonathan Quick with a rebound.
14:32 of 1st period - Snap shot by William Nylander.
14:32 of 1st period - Stopped by Jonathan Quick with a rebound.
14:34 of 1st period - Slapshot by William Nylander.
14:34 of 1st period - Shot Misses the Net.
14:36 of 1st period - Slapshot by Martin Marincin.
14:36 of 1st period - Shot Blocked by Tobias Rieder.
15:05 of 1st period - Ryan Suter is hit by Anton Stralman and loses puck.
15:12 of 1st period - Slapshot by Oliver Ekman-Larsson.
15:12 of 1st period - Shot Blocked by Brent Burns.
15:26 of 1st period - Valtteri Filppula is hit by Ryan Hartman and loses puck.
15:35 of 1st period - Snap shot by Christian Dvorak.
15:35 of 1st period - Shot Misses the Net.
15:37 of 1st period - Slapshot by Ryan Suter.
15:37 of 1st period - Shot Blocked by Brendan Smith.
15:53 of 1st period - Wrist shot by Evgeny Kuznetsov.
15:53 of 1st period - Stopped by Jonathan Quick without a rebound.
15:54 of 1st period - Claude Giroux wins face-off versus Jack Eichel in Capitals zone.
16:05 of 1st period - Snap shot by Ondrej Palat.
16:05 of 1st period - Stopped by Devan Dubnyk without a rebound.
16:06 of 1st period - Valtteri Filppula wins face-off versus Jack Eichel in Wild zone.
16:07 of 1st period - Backhand shot by Josh Bailey.
16:07 of 1st period - Shot Blocked by Kris Letang.
16:09 of 1st period - Slapshot by Ben Chiarot.
16:09 of 1st period - Stopped by Devan Dubnyk with a rebound.
16:11 of 1st period - Slapshot by Zach Bogosian.
16:11 of 1st period - Shot Misses the Net.
16:13 of 1st period - Slapshot by Valtteri Filppula.
16:13 of 1st period - Deflect By Brent Burns.
16:13 of 1st period - Shot Misses the Net.
16:13 of 1st period - Puck is out of play.
16:14 of 1st period - Valtteri Filppula wins face-off versus Jack Eichel in Wild zone.
16:15 of 1st period - Slapshot by Josh Bailey.
16:15 of 1st period - Shot Misses the Net.
16:17 of 1st period - Slapshot by Ben Chiarot.
16:17 of 1st period - Stopped by Devan Dubnyk without a rebound.
16:18 of 1st period - Claude Giroux wins face-off versus Jack Eichel in Wild zone.
16:55 of 1st period - Snap shot by Evgeny Kuznetsov.
16:55 of 1st period - Goal by Evgeny Kuznetsov - Capitals : 0 - Wild : 1.
16:56 of 1st period - Marcus Johansson wins face-off versus Valtteri Filppula in neutral zone.
17:04 of 1st period - Icing by Ben Chiarot.
17:05 of 1st period - Valtteri Filppula wins face-off versus Jack Eichel in Capitals zone.
17:18 of 1st period - Wrist shot by Brent Burns.
17:18 of 1st period - Shot Hit the Post.
17:20 of 1st period - Slapshot by Marcus Johansson.
17:20 of 1st period - Stopped by Jonathan Quick without a rebound.
17:21 of 1st period - Claude Giroux wins face-off versus Evgeny Kuznetsov in Capitals zone.
17:48 of 1st period - Jake Guentzel is hit by Jonas Brodin and loses puck.
17:59 of 1st period - Jonas Brodin is hit by Darren Helm and loses puck.
18:06 of 1st period - Minor Penalty to Ryan Suter for High sticking.
18:07 of 1st period - Claude Giroux wins face-off versus Adam Lowry in Wild zone.
18:50 of 1st period - Snap shot by Christian Dvorak.
18:50 of 1st period - Stopped by Jonathan Quick without a rebound.
18:51 of 1st period - Adam Lowry wins face-off versus Valtteri Filppula in Capitals zone.
19:06 of 1st period - Wrist shot by Claude Giroux.
19:06 of 1st period - Shot Blocked by Jonas Brodin.
19:38 of 1st period - Chris Tierney is hit by Ben Chiarot and loses puck.
Goals for this period are 0 for Capitals vs 1 for Wild.
Shots for this period are 8 for Capitals vs 12 for Wild.

2nd period


0:01 of 2nd period - Adam Lowry wins face-off versus Claude Giroux in neutral zone.
0:04 of 2nd period - Claude Giroux is hit by Adam Lowry and loses puck.
0:06 of 2nd period - Penalty to Ryan Suter is over, Ryan Suter is back on ice.
0:34 of 2nd period - Wrist shot by Darren Helm.
0:34 of 2nd period - Stopped by Devan Dubnyk without a rebound.
0:35 of 2nd period - Evgeny Kuznetsov wins face-off versus Valtteri Filppula in Wild zone.
1:23 of 2nd period - Wrist shot by Darren Helm.
1:23 of 2nd period - Shot Misses the Net.
1:31 of 2nd period - Snap shot by Adam Lowry.
1:31 of 2nd period - Shot Blocked by Ben Chiarot.
2:08 of 2nd period - Wrist shot by Evgeny Kuznetsov.
2:08 of 2nd period - Stopped by Jonathan Quick with a rebound.
2:10 of 2nd period - Snap shot by William Nylander.
2:10 of 2nd period - Shot Misses the Net.
2:12 of 2nd period - Slapshot by John Moore.
2:12 of 2nd period - Stopped by Jonathan Quick with a rebound.
2:37 of 2nd period - Minor Penalty to Brent Burns for Interference.
2:38 of 2nd period - Adam Lowry wins face-off versus Ondrej Palat in Wild zone.
4:37 of 2nd period - Penalty to Brent Burns is over, Brent Burns is back on ice.
4:49 of 2nd period - Snap shot by Joel Ward.
4:49 of 2nd period - Shot Blocked by Zach Bogosian.
4:51 of 2nd period - Slapshot by Martin Marincin.
4:51 of 2nd period - Stopped by Jonathan Quick without a rebound.
4:52 of 2nd period - Riley Sheahan wins face-off versus Evgeny Kuznetsov in Capitals zone.
5:05 of 2nd period - Snap shot by Evgeny Kuznetsov.
5:05 of 2nd period - Stopped by Jonathan Quick with a rebound.
5:26 of 2nd period - Backhand shot by Jack Eichel.
5:26 of 2nd period - Stopped by Jonathan Quick without a rebound.
5:27 of 2nd period - Brock Nelson wins face-off versus Evgeny Kuznetsov in Capitals zone.
5:52 of 2nd period - Ryan Suter is hit by Oliver Ekman-Larsson and loses puck.
6:23 of 2nd period - Martin Marincin is hit by Ben Chiarot and loses puck.
6:32 of 2nd period - Joakim Nordstrom is hit by Martin Marincin and loses puck.
6:51 of 2nd period - Snap shot by William Nylander.
6:51 of 2nd period - Shot Blocked by Anders Bjork.
7:38 of 2nd period - Brent Burns is hit by Brady Skjei.
7:52 of 2nd period - Brady Skjei is hit by Joel Ward.
7:58 of 2nd period - Josh Bailey is hit by Ryan Suter.
8:13 of 2nd period - Snap shot by Christian Dvorak.
8:13 of 2nd period - Shot Misses the Net.
8:15 of 2nd period - Slapshot by Martin Marincin.
8:15 of 2nd period - Shot Blocked by Valtteri Filppula.
8:17 of 2nd period - Slapshot by John Moore.
8:17 of 2nd period - Deflect By Chris Tierney.
8:17 of 2nd period - Deflect By Josh Bailey.
8:17 of 2nd period - Stopped by Jonathan Quick without a rebound.
8:18 of 2nd period - Claude Giroux wins face-off versus Chris Tierney in Capitals zone.
8:18 of 2nd period - Claude Giroux is hit by Ryan Hartman.
8:25 of 2nd period - Oliver Ekman-Larsson is hit by Nikita Zadorov.
8:41 of 2nd period - Backhand shot by Christian Dvorak.
8:41 of 2nd period - Shot Misses the Net.
8:43 of 2nd period - Slapshot by Ryan Hartman.
8:43 of 2nd period - Stopped by Jonathan Quick without a rebound.
8:44 of 2nd period - Darren Helm wins face-off versus Jack Eichel in Capitals zone.
8:57 of 2nd period - Slapshot by Darren Helm.
8:57 of 2nd period - Stopped by Devan Dubnyk without a rebound.
8:58 of 2nd period - Evgeny Kuznetsov wins face-off versus Claude Giroux in Wild zone.
9:10 of 2nd period - Minor Penalty to Ondrej Palat for Holding.
9:11 of 2nd period - Darren Helm wins face-off versus Marcus Johansson in Capitals zone.
9:21 of 2nd period - Snap shot by Evgeny Kuznetsov.
9:21 of 2nd period - Deflect By Jack Eichel.
9:21 of 2nd period - Shot Blocked by Brady Skjei.
9:21 of 2nd period - Puck is out of play.
9:22 of 2nd period - Darren Helm wins face-off versus Jack Eichel in Capitals zone.
9:22 of 2nd period - Darren Helm is hit by Jack Eichel.
9:38 of 2nd period - Snap shot by Evgeny Kuznetsov.
9:38 of 2nd period - Stopped by Jonathan Quick without a rebound.
9:39 of 2nd period - Darren Helm wins face-off versus Jack Eichel in Capitals zone.
9:39 of 2nd period - Darren Helm is hit by Evgeny Kuznetsov.
10:03 of 2nd period - Slapshot by Brent Burns.
10:03 of 2nd period - Shot Misses the Net.
10:05 of 2nd period - Slapshot by Kris Letang.
10:05 of 2nd period - Deflect By William Nylander.
10:05 of 2nd period - Stopped by Jonathan Quick with a rebound.
10:07 of 2nd period - Slapshot by Kris Letang.
10:07 of 2nd period - Deflect By Brendan Smith.
10:07 of 2nd period - Stopped by Jonathan Quick without a rebound.
10:08 of 2nd period - Adam Lowry wins face-off versus Darren Helm in Capitals zone.
10:41 of 2nd period - Snap shot by Marcus Johansson.
10:41 of 2nd period - Shot Misses the Net.
11:10 of 2nd period - Penalty to Ondrej Palat is over, Ondrej Palat is back on ice.
11:24 of 2nd period - Joakim Nordstrom is hit by Ryan Hartman and loses puck.
11:28 of 2nd period - Icing by Anton Stralman.
11:29 of 2nd period - Adam Lowry wins face-off versus Ondrej Palat in Capitals zone.
11:48 of 2nd period - Backhand shot by Oliver Ekman-Larsson.
11:48 of 2nd period - Shot Blocked by Jonas Brodin.
11:50 of 2nd period - Slapshot by Joakim Nordstrom.
11:50 of 2nd period - Shot Misses the Net.
12:00 of 2nd period - Slapshot by Ryan Suter.
12:00 of 2nd period - Shot Blocked by Anton Stralman.
12:10 of 2nd period - Slapshot by Oliver Ekman-Larsson.
12:10 of 2nd period - Goal by Oliver Ekman-Larsson - Capitals : 1 - Wild : 1.
12:11 of 2nd period - Jack Eichel wins face-off versus Valtteri Filppula in neutral zone.
12:11 of 2nd period - Jack Eichel is hit by Ben Chiarot.
12:32 of 2nd period - Kris Letang is hit by Ondrej Palat and loses puck.
13:16 of 2nd period - Wrist shot by Jack Eichel.
13:16 of 2nd period - Stopped by Jonathan Quick without a rebound.
13:17 of 2nd period - Adrian Kempe wins face-off versus Claude Giroux in Capitals zone.
13:28 of 2nd period - William Nylander is hit by Claude Giroux and loses puck.
13:33 of 2nd period - Snap shot by Claude Giroux.
13:33 of 2nd period - Stopped by Devan Dubnyk with a rebound.
13:49 of 2nd period - Icing by Anders Bjork.
13:50 of 2nd period - Riley Sheahan wins face-off versus Adam Lowry in Capitals zone.
14:20 of 2nd period - Ondrej Palat is hit by William Nylander and loses puck.
14:54 of 2nd period - Brady Skjei is hit by Jack Eichel and loses puck.
15:05 of 2nd period - Slapshot by Josh Bailey.
15:05 of 2nd period - Stopped by Devan Dubnyk without a rebound.
15:06 of 2nd period - Claude Giroux wins face-off versus Evgeny Kuznetsov in Wild zone.
15:15 of 2nd period - Snap shot by Ondrej Palat.
15:15 of 2nd period - Shot Blocked by Jonas Brodin.
15:17 of 2nd period - Slapshot by Anton Stralman.
15:17 of 2nd period - Stopped by Devan Dubnyk with a rebound.
16:39 of 2nd period - Wrist shot by Brent Burns.
16:39 of 2nd period - Shot Misses the Net.
16:41 of 2nd period - Slapshot by Nikita Zadorov.
16:41 of 2nd period - Stopped by Jonathan Quick without a rebound.
16:42 of 2nd period - Jack Eichel wins face-off versus Darren Helm in Capitals zone.
17:09 of 2nd period - William Nylander is hit by Brendan Smith and loses puck.
17:34 of 2nd period - Wrist shot by Daniel Sedin.
17:34 of 2nd period - Stopped by Jonathan Quick with a rebound.
17:36 of 2nd period - Slapshot by Nikita Zadorov.
17:36 of 2nd period - Stopped by Jonathan Quick without a rebound.
17:37 of 2nd period - Jack Eichel wins face-off versus Claude Giroux in Capitals zone.
17:40 of 2nd period - Wrist shot by Brent Burns.
17:40 of 2nd period - Shot Blocked by Anton Stralman.
17:42 of 2nd period - Snap shot by Nikita Zadorov.
17:42 of 2nd period - Shot Blocked by Oliver Ekman-Larsson.
17:44 of 2nd period - Snap shot by Nikita Zadorov.
17:44 of 2nd period - Shot Misses the Net.
17:46 of 2nd period - Slapshot by Brent Burns.
17:46 of 2nd period - Shot Blocked by Oliver Ekman-Larsson.
17:50 of 2nd period - Snap shot by Brent Burns.
17:50 of 2nd period - Stopped by Jonathan Quick without a rebound.
17:51 of 2nd period - Evgeny Kuznetsov wins face-off versus Darren Helm in Capitals zone.
18:16 of 2nd period - Claude Giroux is hit by Joel Ward and loses puck.
18:42 of 2nd period - Wrist shot by Kris Letang.
18:42 of 2nd period - Shot Blocked by Zach Bogosian.
18:50 of 2nd period - Snap shot by Marcus Johansson.
18:50 of 2nd period - Shot Blocked by Zach Bogosian.
19:32 of 2nd period - Snap shot by Jake Guentzel.
19:32 of 2nd period - Shot Blocked by Christian Dvorak.
19:34 of 2nd period - Wrist shot by Joakim Nordstrom.
19:34 of 2nd period - Deflect By Jake Guentzel.
19:34 of 2nd period - Goal by Jake Guentzel - Capitals : 2 - Wild : 1.
19:35 of 2nd period - Jack Eichel wins face-off versus Claude Giroux in neutral zone.
Goals for this period are 2 for Capitals vs 0 for Wild.
Shots for this period are 7 for Capitals vs 15 for Wild.

3rd period


0:01 of 3rd period - Claude Giroux wins face-off versus Evgeny Kuznetsov in neutral zone.
0:08 of 3rd period - John Moore is hit by Tobias Rieder and loses puck.
0:32 of 3rd period - Slapshot by Brent Burns.
0:32 of 3rd period - Deflect By Jack Eichel.
0:32 of 3rd period - Shot Blocked by Jake Guentzel.
0:32 of 3rd period - Puck is out of play.
0:33 of 3rd period - Valtteri Filppula wins face-off versus Brent Burns in Capitals zone.
0:40 of 3rd period - Wrist shot by Josh Bailey.
0:40 of 3rd period - Deflect By Ryan Suter.
0:40 of 3rd period - Stopped by Devan Dubnyk without a rebound.
0:41 of 3rd period - Valtteri Filppula wins face-off versus Jack Eichel in Wild zone.
0:50 of 3rd period - Wrist shot by Josh Bailey.
0:50 of 3rd period - Stopped by Devan Dubnyk with a rebound.
0:52 of 3rd period - Wrist shot by Valtteri Filppula.
0:52 of 3rd period - Stopped by Devan Dubnyk without a rebound.
0:53 of 3rd period - Claude Giroux wins face-off versus Evgeny Kuznetsov in Wild zone.
1:02 of 3rd period - Snap shot by Ondrej Palat.
1:02 of 3rd period - Deflect By Claude Giroux.
1:02 of 3rd period - Stopped by Devan Dubnyk with a rebound.
1:47 of 3rd period - Wrist shot by Valtteri Filppula.
1:47 of 3rd period - Stopped by Devan Dubnyk with a rebound.
1:49 of 3rd period - Slapshot by Oliver Ekman-Larsson.
1:49 of 3rd period - Shot Blocked by Adam Lowry.
1:51 of 3rd period - Snap shot by Brock Nelson.
1:51 of 3rd period - Shot Misses the Net.
3:00 of 3rd period - Wrist shot by Darren Helm.
3:00 of 3rd period - Shot Misses the Net.
3:13 of 3rd period - Martin Marincin is hit by Brendan Smith and loses puck.
3:32 of 3rd period - Anders Bjork is hit by Adrian Kempe and loses puck.
4:05 of 3rd period - Snap shot by Oliver Ekman-Larsson.
4:05 of 3rd period - Stopped by Devan Dubnyk without a rebound.
4:06 of 3rd period - Darren Helm wins face-off versus Marcus Johansson in Wild zone.
4:07 of 3rd period - Slapshot by Jake Guentzel.
4:07 of 3rd period - Shot Misses the Net.
4:15 of 3rd period - Snap shot by Jack Eichel.
4:15 of 3rd period - Shot Misses the Net.
4:27 of 3rd period - Snap shot by Claude Giroux.
4:27 of 3rd period - Stopped by Devan Dubnyk without a rebound.
4:28 of 3rd period - Claude Giroux wins face-off versus Evgeny Kuznetsov in Wild zone.
4:54 of 3rd period - Josh Bailey is hit by Joel Ward and loses puck.
5:45 of 3rd period - Off-side.
5:46 of 3rd period - Evgeny Kuznetsov wins face-off versus Riley Sheahan in neutral zone.
5:53 of 3rd period - Slapshot by Evgeny Kuznetsov.
5:53 of 3rd period - Stopped by Jonathan Quick without a rebound.
5:54 of 3rd period - Evgeny Kuznetsov wins face-off versus Claude Giroux in Capitals zone.
6:21 of 3rd period - Wrist shot by Jack Eichel.
6:21 of 3rd period - Shot Blocked by Josh Bailey.
6:26 of 3rd period - Icing by Anton Stralman.
6:27 of 3rd period - Jack Eichel wins face-off versus Valtteri Filppula in Capitals zone.
6:36 of 3rd period - Snap shot by Brock Nelson.
6:36 of 3rd period - Stopped by Devan Dubnyk without a rebound.
6:37 of 3rd period - Jack Eichel wins face-off versus Claude Giroux in Wild zone.
6:46 of 3rd period - Wrist shot by Ondrej Palat.
6:46 of 3rd period - Deflect By Claude Giroux.
6:46 of 3rd period - Stopped by Devan Dubnyk without a rebound.
6:47 of 3rd period - Jack Eichel wins face-off versus Claude Giroux in Wild zone.
6:56 of 3rd period - Slapshot by Jack Eichel.
6:56 of 3rd period - Shot Misses the Net.
7:08 of 3rd period - Marcus Johansson is hit by Tobias Rieder and loses puck.
7:19 of 3rd period - Slapshot by Claude Giroux.
7:19 of 3rd period - Stopped by Devan Dubnyk with a rebound.
7:21 of 3rd period - Backhand shot by Ben Chiarot.
7:21 of 3rd period - Deflect By Claude Giroux.
7:21 of 3rd period - Stopped by Devan Dubnyk with a rebound.
7:23 of 3rd period - Snap shot by Ondrej Palat.
7:23 of 3rd period - Shot Hit the Post.
7:25 of 3rd period - Slapshot by Zach Bogosian.
7:25 of 3rd period - Deflect By Marcus Johansson.
7:25 of 3rd period - Stopped by Devan Dubnyk with a rebound.
7:51 of 3rd period - Snap shot by Brent Burns.
7:51 of 3rd period - Shot Misses the Net.
8:21 of 3rd period - Snap shot by Brent Burns.
8:21 of 3rd period - Shot Misses the Net.
9:05 of 3rd period - Slapshot by Ondrej Palat.
9:05 of 3rd period - Stopped by Devan Dubnyk with a rebound.
9:07 of 3rd period - Wrist shot by Claude Giroux.
9:07 of 3rd period - Stopped by Devan Dubnyk without a rebound.
9:08 of 3rd period - Darren Helm wins face-off versus Evgeny Kuznetsov in Wild zone.
9:21 of 3rd period - Snap shot by Jake Guentzel.
9:21 of 3rd period - Shot Blocked by William Nylander.
9:23 of 3rd period - Minor Penalty to Evgeny Kuznetsov for Hooking.
9:24 of 3rd period - Adam Lowry wins face-off versus Valtteri Filppula in Wild zone.
9:31 of 3rd period - Snap shot by Brock Nelson.
9:31 of 3rd period - Shot Blocked by Ryan Suter.
9:33 of 3rd period - Wrist shot by Oliver Ekman-Larsson.
9:33 of 3rd period - Deflect By Ryan Suter.
9:33 of 3rd period - Stopped by Devan Dubnyk without a rebound.
9:34 of 3rd period - Adam Lowry wins face-off versus Brock Nelson in Wild zone.
10:19 of 3rd period - Chris Tierney is hit by Brock Nelson and loses puck.
10:26 of 3rd period - Wrist shot by Brock Nelson.
10:26 of 3rd period - Shot Blocked by Christian Dvorak.
10:38 of 3rd period - Martin Marincin is hit by Valtteri Filppula and loses puck.
11:02 of 3rd period - Wrist shot by Valtteri Filppula.
11:02 of 3rd period - Stopped by Devan Dubnyk without a rebound.
11:03 of 3rd period - Chris Tierney wins face-off versus Claude Giroux in Wild zone.
11:23 of 3rd period - Penalty to Evgeny Kuznetsov is over, Evgeny Kuznetsov is back on ice.
12:08 of 3rd period - Minor Penalty to Martin Marincin for Kneeing.
12:09 of 3rd period - Adam Lowry wins face-off versus Ondrej Palat in Wild zone.
14:08 of 3rd period - Penalty to Martin Marincin is over, Martin Marincin is back on ice.
15:09 of 3rd period - Icing by Jonas Brodin.
15:10 of 3rd period - Evgeny Kuznetsov wins face-off versus Josh Bailey in Wild zone.
15:17 of 3rd period - Slapshot by Brent Burns.
15:17 of 3rd period - Shot Misses the Net.
15:27 of 3rd period - Brady Skjei is hit by Chris Tierney and loses puck.
16:07 of 3rd period - Snap shot by Jake Guentzel.
16:07 of 3rd period - Shot Blocked by Jonas Brodin.
16:09 of 3rd period - Snap shot by Jake Guentzel.
16:09 of 3rd period - Stopped by Devan Dubnyk without a rebound.
16:10 of 3rd period - Riley Sheahan wins face-off versus Evgeny Kuznetsov in Wild zone.
16:39 of 3rd period - Snap shot by Joel Ward.
16:39 of 3rd period - Deflect By Oliver Ekman-Larsson.
16:39 of 3rd period - Stopped by Jonathan Quick with a rebound.
16:41 of 3rd period - Snap shot by Joel Ward.
16:41 of 3rd period - Shot Misses the Net.
16:43 of 3rd period - Snap shot by Daniel Sedin.
16:43 of 3rd period - Shot Misses the Net.
16:45 of 3rd period - Slapshot by Daniel Sedin.
16:45 of 3rd period - Shot Misses the Net.
16:47 of 3rd period - Slapshot by Nikita Zadorov.
16:47 of 3rd period - Shot Blocked by Anton Stralman.
17:49 of 3rd period - Snap shot by Valtteri Filppula.
17:49 of 3rd period - Shot Misses the Net.
17:57 of 3rd period - Snap shot by Brock Nelson.
17:57 of 3rd period - Stopped by Devan Dubnyk without a rebound.
17:58 of 3rd period - Evgeny Kuznetsov wins face-off versus Darren Helm in Wild zone.
18:08 of 3rd period - Off-side.
18:09 of 3rd period - Claude Giroux wins face-off versus Evgeny Kuznetsov in neutral zone.
19:00 of 3rd period - Wild, Devan Dubnyk is pulled from the net.
Goals for this period are 0 for Capitals vs 0 for Wild.
Shots for this period are 18 for Capitals vs 2 for Wild.